 Dungeon Crawl Stone Soup version 0.29-a0-866-g0545e20025 (webtiles) character file.

Game seed: 5969987659027075327

1121 Gargoyl the Chopper (level 8, -6/51 HPs)
             Began as a Gargoyle Berserker on July 17, 2022.
             Was a Priest of Trog.
             Mangled by a wyvern zombie (9 damage)
             ... on level 6 of the Dungeon.
             The game lasted 00:05:47 (5251 turns).

Gargoyl the Chopper (Gargoyle Berserker)            Turns: 5251, Time: 00:05:48

Health: -6/51      AC:  9    Str: 20    XL:     8   Next: 34%
Magic:  8/8        EV: 13    Int:  9    God:    Trog [***...]
Gold:   139        SH:  0    Dex: 17    Spells: 7/7 levels left

rFire   + . .      SeeInvis .   k - +2 war axe (elec)
rCold   . . .      Faith    .   (no shield)
rNeg    + . .      Spirit   .   r - +1 robe {rF+}
rPois   ∞          Reflect  .   (no helmet)
rElec   +          Harm     .   (no cloak)
rCorr   .          Rampage  .   (no gloves)
Will    .....      Clarity  +   s - +0 pair of boots
Stlth   ++........              e - amulet of magic regeneration
HPRegen 0.17/turn               p - +6 ring of dexterity
MPRegen 0.51/turn               (no ring)

@: on berserk cooldown, slowed, very slow
A: sickness immunity, AC +5, negative energy resistance 1, electricity
resistance, torment resistance 1, petrification resistance, clarity
a: Renounce Religion, Berserk, Trog's Hand


You were on level 6 of the Dungeon.
You worshipped Trog.
Trog was most pleased with you.
You visited 1 branch of the dungeon, and saw 6 of its levels.
You also visited: Sewer.

You collected 254 gold pieces.
You spent 115 gold pieces at shops.

Inventory:

Hand Weapons
 a - a +1 vampiric hand axe
 k - a +2 war axe of electrocution (weapon)
Missiles
 c - 35 poisoned darts (quivered)
Armour
 r - a +1 robe of fire resistance (worn)
 s - a +0 pair of boots (worn)
Jewellery
 b - an amulet of the acrobat
 e - an amulet of magic regeneration (around neck)
 p - a +6 ring of dexterity (left hand)
Wands
 i - a wand of roots (9)
Scrolls
 n - a scroll of blinking
 o - a scroll of teleportation
 q - a scroll of fear
 u - a scroll of identify
Potions
 d - 3 potions of berserk rage
 f - 4 potions of haste
 g - 3 potions of heal wounds
 h - 4 potions of curing {unknown}
 j - 2 potions of cancellation
 l - 2 potions of lignification {unknown}
 m - a potion of brilliance {unknown}
 t - 3 potions of magic {unknown}
 v - a potion of degeneration {unknown}
 w - a potion of invisibility


   Skills:
 + Level 5.8 Fighting
 + Level 6.5 Axes
 + Level 1.0 Throwing
 + Level 2.6 Armour
 + Level 3.8 Dodging
 + Level 2.6 Stealth


You had 7 spell levels left.
You didn't know any spells.
Your spell library was empty.

Dungeon Overview and Level Annotations

Branches:
Dungeon (6/15)              Sewer (visited)
 Temple: D:4-7

Altars:

Shops:
D:3 ?


Innate Abilities, Weirdness & Mutations

You are immune to sickness and miasma.
Your stone body is resilient. (AC +5)
You are immune to poison.
You resist negative energy. (rN+)
You are resistant to electric shocks. (rElec)
You are resistant to unholy torment.
You are immune to petrification.
You possess an exceptional clarity of mind.


Message History

Things that are here:
a +2 rapier of venom; a +0 leather armour; the human corpse of Eustachio You feel a strong urge to attack something.
You are no longer berserk.
You are exhausted.
You feel yourself slow down.
Unknown command.
Things that are here:
a +2 rapier of venom; a +0 leather armour; the human corpse of Eustachio Your skin stops crawling.
You feel less strong-willed.
A wyvern zombie comes into view.
A wyvern zombie is nearby!
A wyvern zombie is nearby!
A wyvern zombie is nearby!
A killer bee zombie comes into view.
The killer bee zombie moves out of view.
You slash the wyvern zombie!
The wyvern zombie is moderately damaged.
The wyvern zombie bites you. The wyvern zombie bites you!
You slash the wyvern zombie!
The wyvern zombie is heavily damaged.
The wyvern zombie barely misses you. The wyvern zombie bites you.
You hit the wyvern zombie but do no damage.
The wyvern zombie is heavily damaged.
The wyvern zombie bites you! x2; The wyvern zombie bites you.
* * * LOW HITPOINT WARNING * * *
You hit the wyvern zombie.
The wyvern zombie is heavily damaged.
The wyvern zombie bites you!
* * * LOW HITPOINT WARNING * * *
The wyvern zombie barely misses you.
You hit the wyvern zombie.
The wyvern zombie is heavily damaged.
The wyvern zombie bites you.
* * * LOW HITPOINT WARNING * * *
The wyvern zombie closely misses you.
You slash the wyvern zombie!
The wyvern zombie is severely damaged.
The wyvern zombie bites you!
You die...

♣♣.♣♣ ♣♣.♣ ♣..♣#
♣ ♣♣..# .♣ ♣..♣#
♣♣. ♣.♣..# # #..
♣.♣♣..#.#####
#Z♣♣♣♣.)........
#Z@......#.#####
##########.# .
##


You could see a wyvern zombie and a killer bee zombie (wandering).

Vanquished Creatures
  Grinder (D:6)
  Sigmund (D:2)
  Eustachio (D:6)
  An ogre (D:5)
  A kobold brigand (Sewer)
  2 scorpions (D:5)
  A water moccasin zombie (D:6)
  2 hounds (D:5)
  An iguana (D:5)
  A killer bee zombie (D:6)
  7 adders
  3 gnolls (D:4)
  An ufetubus (D:5)
  2 dart slugs
  A worm (D:4)
  9 orcs
  11 ball pythons
  3 bats (D:2)
  7 endoplasms
  4 giant cockroaches (D:5)
  4 hobgoblins
  9 jackals
  18 kobolds
  6 quokkas
  3 frilled lizards
  5 goblins
  10 rats
115 creatures vanquished.

Vanquished Creatures (others)
  A fungus (Sewer)
  3 plants
4 creatures vanquished.

Grand Total: 119 creatures vanquished

Notes
Turn   | Place    | Note
-------+----------+-------------------------------------------
     0 | D:1      | Gargoyl the Gargoyle Berserker began the quest for the Orb.
     0 | D:1      | Reached XP level 1. HP: 14/14 MP: 1/1
   633 | D:1      | Reached XP level 2. HP: 14/19 MP: 2/2
   987 | D:1      | Reached skill level 3 in Axes
  1469 | D:1      | Found a faded altar of an unknown god.
  1566 | D:2      | Reached XP level 3. HP: 24/24 MP: 3/3
  1591 | D:2      | Noticed Sigmund
  1750 | D:2      | Reached ** piety under Trog
  1788 | D:2      | Killed Sigmund
  1789 | D:2      | Reached skill level 4 in Axes
  1789 | D:2      | Reached XP level 4. HP: 30/30 MP: 4/4
  1789 | D:2      | Reached XP level 5. HP: 34/34 MP: 5/5
  2135 | D:2      | Identified the +1 leather armour of Pososece {Int+4}
  2571 | D:3      | Reached skill level 1 in Stealth
  2571 | D:3      | Reached XP level 6. HP: 39/39 MP: 6/6
  2645 | D:3      | Found Qetsekh's Magic Scroll Emporium.
  2666 | D:3      | Bought a scroll of blinking for 82 gold pieces
  2666 | D:3      | Bought a scroll of teleportation for 33 gold pieces
  3320 | D:4      | Gained mutation: You possess an exceptional clarity of
                  | mind. [potion of mutation]
  3663 | D:5      | Entered Level 5 of the Dungeon
  3820 | D:5      | Found a glowing drain.
  3832 | D:5      | Reached *** piety under Trog
  3847 | Sewer    | Entered a sewer
  4008 | Sewer    | Identified the +2 hand axe "Fuitaexi" {protect, +Blink Fly
                  | rF- SInv}
  4127 | Sewer    | Reached skill level 5 in Fighting
  4127 | Sewer    | Reached skill level 5 in Axes
  4127 | Sewer    | Reached XP level 7. HP: 32/44 MP: 7/7
  5171 | D:6      | Identified a scroll of acquirement
  5171 | D:6      | Acquired a +2 war axe of electrocution
  5200 | D:6      | Noticed Grinder
  5206 | D:6      | Noticed Eustachio
  5224 | D:6      | Killed Grinder
  5225 | D:6      | Reached skill level 6 in Axes
  5225 | D:6      | Reached XP level 8. HP: 51/51 MP: 8/8
  5231 | D:6      | Killed Eustachio
  5232 | D:6      | Reached skill level 1 in Throwing
  5251 | D:6      | Mangled by a wyvern zombie

Illustrated notes

Levels and vault maps discovered:
D:1:      dpeg_arrival_tiny_b, layout_loops_corners,
          shapermc_ecumenical_altar_mp_urbaneastern
D:2:      layout_loops_cross, hex_medium, uniq_sigmund
D:3:      layout_loops_cross, serial_shops, shop_fountains, nrook_loot_triangle
D:4:      layout_rooms
D:5:      layout_loops_cross, portal_sewer_entry_f,
          minmay_misc_feat_more_columns
D:6:      layout_loops_cross, nicolae_yredelemnul_corpse_copse, uniq_eustachio,
          uniq_grinder, uniq_pikel, uniq_menkaure

Skill      XL: |  1  2  3  4  5  6  7  8 |
---------------+-------------------------+-----
Axes           | 3 4 5 6 |  6.5
Fighting       | 4 5 |  5.8
Dodging        | 2 3 |  3.8
Stealth        | 1 2 |  2.6
Throwing       | 1 |  1.0
Armour         | |  2.6

Action                   |  1- 3 |  4- 6 |  7- 9 || total
-------------------------+-------+-------+-------++-------
Melee: Hand axe          |    93 |   241 |    72 ||   406
       Punch             |       |     4 |       ||     4
       War axe           |       |       |    30 ||    30
Throw: Dart              |       |       |     3 ||     3
Invok: Trog's Hand       |     1 |     2 |     1 ||     4
       Berserk           |     1 |       |     1 ||     2
  Use: Scroll            |     8 |     8 |     1 ||    17
       Potion            |       |     1 |       ||     1
 Stab: Sleeping          |     1 |     3 |     2 ||     6
Armor: Animal skin       |    12 |    23 |       ||    35
       Robe              |       |   100 |    36 ||   136
Dodge: Dodged            |    58 |   213 |    77 ||   348

Table legend: (Time is in decaauts)
 A = Elapsed time spent in this place.
 B = Non-inter-level travel time spent in this place.
 C = Inter-level travel time spent in this place.
 D = Time resting spent in this place.
 E = Time spent auto-exploring this place.
 F = Levels seen in this place.
 G = Mean time per level.
                   A        B        C        D        E       F      G
               +--------+--------+--------+--------+--------+-----+--------+
         Total |   5331 |   5092 |    239 |      0 |   3899 |   7 |  761.6 |
       Dungeon |   4925 |   4686 |    239 |      0 |   3650 |   6 |  820.8 |
         Sewer |    405 |    405 |      0 |      0 |    249 |   1 |  405.0 |
               +--------+--------+--------+--------+--------+-----+--------+

Top non-repeatable levels by time:
     D:1: 1516 daAuts
     D:5: 1138 daAuts
     D:3: 821 daAuts
     D:2: 817 daAuts
     D:4: 541 daAuts
   Sewer: 405 daAuts
     D:6: 90 daAuts
